 Dungeon Crawl Stone Soup version 0.30-a0-137-gd8773701ce (webtiles) character file.

Game seed: 12754752615815930463

43 zishaf the Sneak (level 3, 0/18 HPs)
             Began as a Vine Stalker Brigand on Sept 22, 2022.
             Succumbed to an adder's poison
             ... on level 2 of the Dungeon.
             The game lasted 00:01:23 (1320 turns).

zishaf the Sneak (Vine Stalker Brigand)             Turns: 1320, Time: 00:01:24

Health: 0/18       AC:  3    Str: 13    XL:     3   Next: 58%
Magic:  10/13      EV: 12    Int: 11    God:
Gold:   139        SH:  0    Dex: 23    Spells: 2/2 levels left

rFire   . . .      SeeInvis .    a - +2 dagger
rCold   . . .      Faith    .    (no shield)
rNeg    . . .      Spirit   +    b - +0 robe
rPois   .          Reflect  .    (no helmet)
rElec   .          Harm     .    c - +0 cloak
rCorr   .          Rampage  .    (no gloves)
Will    .....                    (no boots)
Stlth   +++.......               (no amulet)
HPRegen 0.06/turn                l - ring of magical power
MPRegen 0.13/turn                o - +6 ring of dexterity

@: lethally poisoned (0 -> -4), attractive, flying
A: fangs 2, magic shield, antimagic bite, no potion heal 2
a: no special abilities


You were on level 2 of the Dungeon.
You visited 1 branch of the dungeon, and saw 2 of its levels.

You collected 139 gold pieces.

Inventory:

Hand Weapons
 a - a +2 dagger (weapon)
Missiles
 d - 9 poisoned darts (quivered)
 e - 3 curare-tipped darts
Armour
 b - a +0 robe (worn)
 c - a +0 cloak (worn)
 p - the +0 pair of gloves of Insatiable Hunger {Int+6}
   (You found it on level 2 of the Dungeon)

   Int:       It affects your intelligence (+6).
Jewellery
 l - a ring of magical power (left hand)
 o - a +6 ring of dexterity (right hand)
Scrolls
 g - a scroll of identify {unknown}
 i - a scroll of butterflies {unknown}
 j - a scroll of teleportation {unknown}
 k - a scroll of brand weapon {unknown}
 n - a scroll of fear {unknown}
Potions
 m - a potion of haste {unknown}


   Skills:
 + Level 2.2 Fighting
 + Level 2.3 Short Blades
 + Level 2.2 Throwing
 - Level 0.7 Dodging
 + Level 5.3 Stealth


You had 2 spell levels left.
You didn't know any spells.
Your spell library contained the following spells:

 Spells                   Type           Power      Damage    Failure   Level
 Arcjolt                  Conj/Air       0%         1d10      100%        5
 Iskenderun's Battlesphe  Conj           0%         2d6       100%        5
 Iron Shot                Conj/Erth      0%         9d1       100%        6
 Spellforged Servitor     Conj/Summ      0%         N/A       100%        7


Dungeon Overview and Level Annotations

Branches:
Dungeon (2/15)

Altars:


Innate Abilities, Weirdness & Mutations

You have extremely sharp teeth.
When hurt, damage is shared between your health and your magic reserves.
Your bite disrupts and absorbs the magic of your enemies.
Potions cannot restore your health.


Message History

The adder is moderately wounded.
The adder closely misses you.
You hit the adder. Your bite misses the adder.
The adder is almost dead.
The adder bites you. The adder bites you but does no damage.
You are too injured to fight recklessly!
You are too injured to fight recklessly!
You barely miss the adder.
The adder is almost dead.
The adder bites you.
You are poisoned.
The adder poisons you!
You barely miss the adder. You bite the adder. You drain its power.
You feel invigorated.
The adder is almost dead.
You feel sick. The adder closely misses you.
You barely miss the adder.
The adder is almost dead.
You feel sick. The adder bites you.
* * * LOW HITPOINT WARNING * * *
You are lethally poisoned!
The adder poisons you! The rat barely misses you.
You hit the adder.
You kill the adder!
* * * LOW HITPOINT WARNING * * *
You feel sick. The rat bites you.
Unknown command.
Okay, then.
You hit the rat.
The rat is heavily wounded.
* * * LOW HITPOINT WARNING * * *
You feel sick.
It was a potion of attraction.
You feel attractive to monsters.
* * * LOW HITPOINT WARNING * * *
You feel sick. The rat misses you.
It was a potion of flight.
You feel very buoyant.
You fly up into the air.
You die...

#.## #..# .### #..### ...# #
#.... ... ..# #..# .. #..#
#..# #..###### ...# ##
#...#.... ...# ....#####
##......r. ...## #.....#
#......... ##..# ##.#
#@####.)~~~.... #..#### #..#
#r†.....~~~..# #.....####.#
###..#...~~~..#
#..........###...##...~g~..#
##..............#####...⌠...#
.............†................
#######<...############.....##
###### ######


You could see a rat.

Vanquished Creatures
  An adder (D:2)
  A worm (D:2)
  4 endoplasms
  4 giant cockroaches
  3 goblins (D:2)
  2 hobgoblins
  5 ball pythons (D:1)
  4 frilled lizards
  2 kobolds
  2 rats
28 creatures vanquished.

Notes
Turn   | Place    | Note
-------+----------+-------------------------------------------
     0 | D:1      | zishaf the Vine Stalker Brigand began the quest for the
                  | Orb.
     0 | D:1      | Reached XP level 1. HP: 11/11 MP: 2/2
   231 | D:1      | Reached skill level 5 in Stealth
   275 | D:1      | Reached XP level 2. HP: 15/15 MP: 3/3
   335 | D:1      | Found a faded altar of an unknown god.
  1048 | D:2      | Reached XP level 3. HP: 17/18 MP: 4/4
  1305 | D:2      | Identified the +0 pair of gloves of Insatiable Hunger
                  | {Int+6}
  1320 | D:2      | Succumbed to an adder's poison

Illustrated notes

Levels and vault maps discovered:
D:1:      evilmike_arrival_crescent, layout_loops_ring,
          dreamdust_ecumenical_altar_hidden_monk_grotto,
          hangedman_feature_mirror
D:2:      layout_rooms, serial_park_tiny_pond

Skill      XL: |  1  2 |
---------------+-------+-----
Stealth        | 5 |  5.3
Fighting       | 2 |  2.2
Short Blades   | 2 |  2.3
Throwing       | 2 |  2.2
Dodging        | |  0.7

Action                   || total
-------------------------++-------
Melee: Dagger            ||    63
       Bite              ||    14
  Use: Potion            ||     2
 Stab: Sleeping          ||    14
       Distracted        ||     1
Armor: Robe              ||     7
Dodge: Dodged            ||    21

Table legend: (Time is in decaauts)
 A = Elapsed time spent in this place.
 B = Non-inter-level travel time spent in this place.
 C = Inter-level travel time spent in this place.
 D = Time resting spent in this place.
 E = Time spent auto-exploring this place.
 F = Levels seen in this place.
 G = Mean time per level.
                   A        B        C        D        E       F      G
               +--------+--------+--------+--------+--------+-----+--------+
         Total |   1313 |   1274 |     39 |      0 |   1067 |   2 |  656.5 |
       Dungeon |   1313 |   1274 |     39 |      0 |   1067 |   2 |  656.5 |
               +--------+--------+--------+--------+--------+-----+--------+

Top non-repeatable levels by time:
     D:1: 902 daAuts
     D:2: 411 daAuts
